Map: Ruins of Endion

Players

JmaC

  • Race: Zerg Zerg
  • League: Master

Miszu - Winner!

  • Race: Terran Terran
  • League: Master

VOD

Have the link to the VOD?

Description

Time

  • Played on: April 1, 2016, 4:08 p.m.
  • Length: 8:51
Show
View Real Time Build Order
Export as new Build Order

JmaC Zerg 

Build Orders: Hatch First 

Get SALT Encoding   

  12  0:03  Drone  
  13  0:12  Overlord  
  13  0:20  Drone  
  14  0:32  Drone x2  
  16  0:39  Drone  
  17  0:58  Hatchery  
  17  1:02  Drone  
  17  1:03  Drone  
  18  1:14  Extractor  
  18  1:15  Drone  
  18  1:26  Spawning Pool  
  18  1:28  Drone  
  18  1:39  Drone  
  19  1:49  Overlord  
  19  2:14  Zergling x8  
  19  2:15  Queen  
  25  2:16  Queen  
  25  2:22  Metabolic Boost  
  27  2:36  Drone x2  
  27  2:37  Drone x2  
  31  2:45  Drone  
  32  2:55  Queen  
  34  2:59  Zergling x4  
  34  3:02  Overlord  
  36  3:14  Zergling x2  
  34  3:21  Queen  
  34  3:25  Zergling x12  
  36  3:34  Zergling x6  
  36  3:35  Zergling x2  
  40  3:43  Zergling x4  
  42  3:55  Drone x2  
  43  3:59  Lair  
  43  4:02  Drone  
  44  4:03  Overlord  
  43  4:12  Overlord  
  43  4:16  Extractor  
  42  4:22  Zergling x6  
  42  4:23  Drone x2  
  45  4:30  Drone x3  
  48  4:35  Drone  
  48  4:38  Drone  
  47  4:48  Zergling x2  
  47  4:49  Zergling x2  
  47  4:56  Extractor, Zergling x2  
  47  4:57  Extractor, Zergling x8  
  46  5:00  Queen  
  46  5:04  Queen  
  50  5:11  Zergling x2  
  47  5:20  Zergling x4  
  42  5:29  Spire  
  34  5:36  Zergling x10  
  34  5:38  Drone  
  40  5:45  Drone  
  40  5:49  Drone  
  41  6:40  Mutalisk x2  
  41  6:45  Mutalisk x3  
  41  6:46  Mutalisk x4  
  50  7:10  Drone x5  
  53  7:21  Drone x3  
  56  7:28  Baneling Nest  
  55  7:38  Overlord x2  
  55  7:48  Overlord x2  
  55  7:57  Mutalisk x2  
  59  8:01  Drone  
  59  8:03  Overlord  
  60  8:10  Zergling x6  
  60  8:11  Zergling x2  
  64  8:15  Baneling x2  
  64  8:16  Baneling x2  
  64  8:19  Zergling x4  
  66  8:25  Zergling x4  
  66  8:26  Zergling x2  
Show
View Real Time Build Order
Export as new Build Order

Miszu Terran - Winner!

Build Orders: MMM Bio 

Get SALT Encoding   

  12  0:00  SCV  
  13  0:13  SCV  
  14  0:19  Supply Depot  
  14  0:25  SCV  
  15  0:41  SCV  
  16  0:42  Barracks  
  16  0:50  Refinery  
  16  0:53  SCV  
  17  1:05  SCV  
  17  1:08  Barracks  
  18  1:17  SCV  
  19  1:28  Barracks  
  20  1:35  Reaper  
  20  1:37  Refinery  
  20  1:44  SCV  
  21  1:48  Supply Depot  
  21  1:56  SCV  
  21  1:57  Reaper  
  23  2:10  Reaper  
  24  2:16  Reaper  
  24  2:18  Orbital Command  
  25  2:27  Supply Depot  
  25  2:32  Reaper  
  26  2:42  Reaper  
  27  2:45  SCV  
  27  2:48  Reaper  
  29  2:58  SCV  
  30  3:04  Reaper  
  31  3:14  Reaper  
  32  3:21  Reaper  
  32  3:36  Reaper  
  32  3:38  SCV  
  32  3:39  Command Center  
  34  3:46  Reaper  
  35  3:53  Reaper  
  36  3:57  SCV  
  37  4:05  Command Center  
  37  4:09  SCV  
  38  4:21  SCV  
  38  4:28  Barracks Reactor, Barracks Tech Lab  
  38  4:29  Barracks Tech Lab  
  38  4:34  SCV  
  38  4:36  Factory  
  39  4:50  SCV  
  40  5:00  Marine x2  
  40  5:01  SCV  
  43  5:18  Marine x2, SCV  
  43  5:19  Marine x2  
  49  5:30  SCV, Orbital Command  
  49  5:31  Orbital Command  
  44  5:36  Marine  
  44  5:40  Marine  
  44  5:41  Marine x2  
  44  5:42  Factory Reactor  
  48  5:43  Starport, SCV  
  48  5:47  Combat Shields  
  49  5:51  Stimpack  
  49  5:54  Marine  
  49  5:55  SCV  
  51  5:58  Marine  
  49  6:04  Marine  
  49  6:05  Marine  
  49  6:07  SCV  
  52  6:12  Marine  
  52  6:13  SCV  
  52  6:14  SCV  
  52  6:16  Marine  
  55  6:19  SCV  
  55  6:22  Marine  
  58  6:26  SCV x2  
  58  6:31  SCV, Factory Reactor  
  61  6:33  Marine  
  61  6:34  Supply Depot, Marine, Medivac  
  61  6:36  Supply Depot, Medivac  
  61  6:38  SCV x2  
  68  6:43  SCV  
  68  6:46  Marine  
  64  6:47  Marine  
  64  6:50  SCV  
  64  6:51  Marine, SCV  
  64  6:52  Marine  
  69  6:55  SCV  
  70  7:02  SCV  
  70  7:03  SCV  
  70  7:04  Marine, Medivac  
  70  7:05  Marine  
  70  7:06  Medivac  
  70  7:07  SCV  
  79  7:08  Marine  
  79  7:09  Marine  
  79  7:13  Engineering Bay  
  79  7:14  Engineering Bay, Widow Mine  
  79  7:15  Widow Mine  
  82  7:18  SCV  
  82  7:19  SCV  
  82  7:22  Marine  
  85  7:23  Refinery  
  85  7:24  Supply Depot, Refinery  
  85  7:27  Marine  
  86  7:34  Medivac  
  86  7:36  Medivac  
  89  7:40  Marine, Missile Turret  
  89  7:42  Widow Mine  
  89  7:43  Missile Turret  
  92  7:49  Supply Depot  
  92  7:52  Supply Depot  
  92  7:56  Marine  
  93  7:58  Marine  
  93  7:59  Marine x2  
  93  8:00  Missile Turret x2  
  93  8:03  Missile Turret  
  93  8:04  Widow Mine  
  93  8:05  Medivac  
  100  8:14  Marine, SCV  
  100  8:15  SCV  
  100  8:16  Marine  
  100  8:17  Marine x2  
  106  8:20  Supply Depot  
  106  8:21  Supply Depot  
  106  8:25  Barracks  
  106  8:29  Barracks  
  106  8:32  Marine  
Tags
 
Composition
MMM Bio
Matchup
TvZ
Player
Miszu
Add a new tag
Caveats
  • Supply blocks, unpowered buildings, or Contaminate may cause inaccurate times.
  • Supply counts are checked every 10 seconds.